AoeStats
← Trump2028

Highland

503937356Analyzed
4v4 RM · 28d ago on Sep 3, 2026· 54m 52s· 8 players
Game mode
Random Map
Map size
Large (8 player)
Population
200
Speed
Normal
Resources
Standard
Victory
Conquest
Starting age
Dark Age
Ending age
Imperial Age
RankedLock teamsTeams togetherTeam positionsShared explorationLock speedFull tech treeHidden civsTurbo modeCheats
Victory
Defeat
🇺🇸 Vietnamese · United States
1024
+15
🇦🇺 Portuguese · Australia
962
+18
🇨🇳 Lithuanians · China
962
+18
🇺🇸 Celts · United States
905
+20
🇺🇸 Turks · United States
1046
-20
🇺🇸 Berbers · United States
1010
-18
🇨🇱 Tupi · Chile
999
-18
🇺🇸 Britons · United States
943
-15
Trump2028
0:48 Loom
11:39 Feudal Age
12:08 Double-Bit Axe
12:07 Horse Collar
15:36 Wheelbarrow
18:16 Fletching
21:05 Castle Age
19:09 Padded Archer Armor
21:53 Heavy Plow
22:39 Hand Cart
22:41 Bodkin Arrow
24:27 Gold Mining
25:44 Leather Archer Armor
25:27 Stone Mining
27:24 Town Watch
27:56 Bow Saw
29:40 Fervor
31:55 Yeomen
32:10 Ballistics
35:01 Imperial Age
34:20 Gold Shaft Mining
34:22 Squires
33:43 Pikeman
34:08 Gambesons
34:10 Arson
36:42 Two-Man Saw
36:14 Conscription
35:59 Bracer
37:16 Ring Archer Armor
38:02 Forging
37:55 Scale Mail Armor
39:22 Iron Casting
42:30 Blast Furnace
41:46 Chain Mail Armor
45:51 Plate Mail Armor
46:34 Halberdier
Jaimelens
10:02 Loom
11:47 Feudal Age
17:05 Castle Age
16:43 Double-Bit Axe
19:26 Horse Collar
19:59 Bow Saw
20:34 Heavy Plow
22:07 Fletching
23:14 Wheelbarrow
25:48 Padded Archer Armor
27:20 Stone Mining
27:24 Gold Mining
30:28 Bodkin Arrow
33:45 Imperial Age
32:39 Hand Cart
32:11 Town Watch
32:44 Leather Archer Armor
32:51 Ballistics
32:28 Murder Holes
33:49 Gold Shaft Mining
33:51 Elite Blackwood Archer
34:58 Curare
36:26 Conscription
37:28 Chemistry
37:32 Bracer
38:15 Ring Archer Armor
37:12 Elite Genitour
38:04 Squires
41:05 Forging
40:55 Scale Mail Armor
41:26 Pikeman
42:54 Halberdier
45:37 Iron Casting
45:17 Chain Mail Armor
50:39 Elite Ibirapema Warrior
51:58 Plate Mail Armor
51:58 Champi Runner
55:16 Two-Man Saw
54:28 Town Patrol
Voyager
4:04 Loom
11:02 Feudal Age
15:55 Castle Age
14:56 Double-Bit Axe
15:21 Horse Collar
18:47 Gold Mining
18:50 Stone Mining
18:51 Town Watch
20:11 Wheelbarrow
23:43 Scale Barding Armor
24:20 Heavy Plow
25:47 Murder Holes
26:28 Husbandry
26:39 Bloodlines
29:09 Forging
30:59 Ballistics
31:19 Hand Cart
31:04 Fletching
33:52 Iron Casting
38:53 Fortified Wall
38:23 Treadmill Crane
39:04 Bow Saw
43:40 Imperial Age
43:59 Kasbah
44:48 Conscription
44:23 Cavalier
46:22 Chain Barding Armor
48:12 Gold Shaft Mining
1CastleRook97
6:20 Loom
11:00 Feudal Age
13:44 Wheelbarrow
18:26 Castle Age
18:09 Town Watch
18:22 Double-Bit Axe
23:48 Stone Mining
32:30 Fletching
48:48 Imperial Age
48:50 Ballistics
Girk
1:08 Loom
11:41 Feudal Age
12:17 Horse Collar
12:25 Double-Bit Axe
13:39 Wheelbarrow
20:47 Castle Age
19:26 Scale Mail Armor
20:04 Padded Archer Armor
21:04 Forging
24:41 Iron Casting
23:31 Pikeman
23:34 Elite Skirmisher
24:09 Town Watch
25:39 Bow Saw
28:47 Chain Mail Armor
28:50 Leather Archer Armor
29:24 Hand Cart
30:36 Caravan
30:42 Heavy Plow
40:40 Fletching
47:07 Imperial Age
49:27 Ballistics
50:37 Elite Woad Raider
Struggler
5:08 Loom
13:41 Feudal Age
15:06 Double-Bit Axe
15:05 Horse Collar
16:21 Wheelbarrow
17:22 Gold Mining
18:19 Stone Mining
21:09 Castle Age
20:17 Scale Mail Armor
20:48 Forging
20:29 Fletching
21:13 Pikeman
21:52 Bodkin Arrow
22:33 Bow Saw
23:32 Stone Shaft Mining
23:41 Squires
24:25 Arson
25:19 Heavy Plow
26:14 Town Watch
30:12 Padded Archer Armor
35:28 Imperial Age
35:21 Chatras
35:40 Thumb Ring
37:22 Paper Money
38:25 Hoardings
39:32 Two-Man Saw
38:12 Elite Skirmisher
38:52 Imperial Skirmisher
40:16 Leather Archer Armor
41:55 Bracer
42:25 Ring Archer Armor
42:41 Crop Rotation
42:40 Halberdier
44:05 Chain Mail Armor
45:15 Iron Casting
46:39 Plate Mail Armor
46:57 Elite Fire Lancer
50:55 Elite Rattan Archer
清澄和衔蝉
0:29 Loom
12:21 Feudal Age
13:03 Double-Bit Axe
13:01 Horse Collar
20:37 Castle Age
25:17 Wheelbarrow
27:27 Bow Saw
30:34 Heavy Plow
34:16 Imperial Age
32:05 Bloodlines
32:01 Husbandry
32:01 Gold Mining
33:56 Scale Barding Armor
35:13 Hand Cart
35:12 Forging
34:27 Cavalier
35:50 Chain Barding Armor
36:56 Crop Rotation
37:15 Plate Barding Armor
38:01 Iron Casting
37:15 Paladin
38:11 Masonry
42:29 Chemistry
42:16 Fletching
47:19 Bodkin Arrow
48:12 Padded Archer Armor
48:13 Bracer
48:18 Tower Shields
48:12 Elite Skirmisher
48:47 Elite Skirmisher
51:31 Leather Archer Armor
52:58 Ballistics
54:06 Imperial Skirmisher
55:25 Ring Archer Armor
55:32 Conscription
Suryavanshi
2:59 Loom
12:54 Feudal Age
15:10 Double-Bit Axe
17:45 Castle Age
17:55 Crossbowman
19:34 Horse Collar
19:58 Fletching
20:09 Padded Archer Armor
28:51 Bow Saw
28:41 Heavy Plow
29:17 Bodkin Arrow
30:52 Leather Archer Armor
31:05 Ballistics
38:16 Imperial Age
42:08 Wheelbarrow
41:19 Town Watch
42:26 Bracer
42:00 Arbalester
43:16 Ring Archer Armor
45:36 Chemistry
50:53 Thumb Ring
51:54 Hand Cart
51:41 Town Patrol
51:57 Masonry
51:39 Guard Tower
51:40 Heated Shot
51:31 Treadmill Crane
51:46 Capped Ram
Connection lost

Rejoining the realm…

Still unreachable

The connection could not be restored.

Session expired

The server has moved on; the page needs a fresh start.